 Dungeon Crawl Stone Soup version 0.31-a0-1-g4198be8af4 (webtiles) character file.

Game seed: 2373137933145319906

18 CoinPitGoblin the Conjurer (level 2, -5/15 HPs)
             Began as a Deep Elf Conjurer on May 1, 2023.
             Slain by Terence
             ... wielding a +6 flail of protection
              (13 damage)
             ... on level 2 of the Dungeon.
             The game lasted 00:01:44 (1306 turns).

CoinPitGoblin the Conjurer (Deep Elf Conjurer)      Turns: 1306, Time: 00:01:45

Health: -5/15      AC:  2    Str:  4    XL:     2   Next: 51%
Magic:  4/8        EV:  8    Int: 22    God:
Gold:   14         SH:  7    Dex: 13    Spells: 6/7 levels left

rFire   . . .        h - +0 dagger (flame)
rCold   . . .        g - +0 kite shield
rNeg    . . .        a - +0 robe
rPois   .            (no helmet)
rElec   .            (no cloak)
rCorr   .            (no gloves)
SInv    .            (no boots)
Will    .....        (no amulet)
Stlth   ++           (no ring)
HPRegen 0.22/turn    (no ring)
MPRegen 0.11/turn

%: no passive effects
@: very slightly contaminated
A: no striking features
a: no special abilities


You were on level 2 of the Dungeon.
You visited 1 branch of the dungeon, and saw 2 of its levels.

You collected 14 gold pieces.

Inventory:

Hand Weapons
 h - a +0 dagger of flaming (weapon)
Armour
 a - a +0 robe (worn)
 g - a +0 kite shield (worn)
Potions
 b - a potion of magic
 c - 2 potions of heal wounds
 d - a potion of curing
 e - a potion of lignification {unknown}


   Skills:
 + Level 2.5 Dodging
 - Level 2.4 Stealth
 * Level 0.1 Shields
 + Level 3.0 Spellcasting
 + Level 5.1 Conjurations


You had 6 spell levels left.
You knew the following spells:

 Your Spells              Type           Power      Damage    Failure   Level
a - Magic Dart            Conj           100%       1d8       26%         1

Your spell library contained the following spells:

 Spells                   Type           Power      Damage    Failure   Level
 Searing Ray              Conj           50%        2d6       36%         2
 Dazzling Flash           Conj/Hex       28%        N/A       92%         3
 Fulminant Prism          Conj/Hex       7%         3d6       100%        4
 Iskenderun's Mystic Bla  Conj/Tloc      14%        2d5       100%        4


Dungeon Overview and Level Annotations

Branches:
Dungeon (2/15)

Altars:
The Shining One

Annotations:
D:2 Terence


Message History

h - a +0 dagger of flaming (weapon)
As you read the scroll labelled ALUARUCEAM, it crumbles to dust.
You feel strangely unstable.
It was a scroll of teleportation.
Your surroundings suddenly seem different.
A kobold comes into view. It is wielding a +0 whip.
The kobold shouts!
You closely miss the kobold. The kobold hits you but does no damage.
The kobold closely misses you.
You hit the kobold. You burn the kobold.
You kill the kobold!
Things that are here:
a +0 whip; a stone; a kobold corpse
Things that are here:
a +0 whip; a stone; a kobold corpse
Things that are here:
a +0 whip; a stone; a kobold corpse A giant cockroach comes into view.
A giant cockroach is nearby!
A giant cockroach is nearby!
The magic dart hits the giant cockroach.
You kill the giant cockroach!
You can't see any susceptible monsters within range! (Use Z to cast anyway.) Terence the Incautious comes into view.
He is wielding a +6 flail of protection.
Terence is nearby!
Terence is nearby!
Terence shouts!
The magic dart hits Terence.
Terence is moderately wounded.
Terence shouts, "Now you die!"
You miscast Magic Dart.
You are very lightly contaminated with residual magic.
Nothing appears to happen.
The magic dart hits Terence but does no damage.
Terence is moderately wounded.
You miscast Magic Dart.
Nothing appears to happen.
You hit Terence but do no damage.
Terence is moderately wounded.
Terence hits you with a +6 flail of protection! x2
Ouch! That really hurt!
You die...

## .. #.##
##... .!.##
#..† #.@#
#.##.@#
#.....#
#####.#
######
#.#####.)..#
#.......##.#
##########.#
##### #.....#
#....
#.#######.###
#.........#


You could see Terence.

Vanquished Creatures
  A ball python (D:1)
  2 endoplasms (D:1)
  3 giant cockroaches
  2 goblins
  A hobgoblin (D:2)
  2 kobolds
  A quokka (D:1)
  A bat (D:1)
  A frilled lizard (D:1)
  2 rats (D:1)
16 creatures vanquished.

Notes
Turn   | Place    | Note
-------+----------+-------------------------------------------
     0 | D:1      | CoinPitGoblin the Deep Elf Conjurer began the quest for the
                  | Orb.
     0 | D:1      | Reached XP level 1. HP: 10/10 MP: 6/6
   632 | D:1      | Reached XP level 2. HP: 15/15 MP: 5/8
  1033 | D:2      | Found a glowing golden altar of the Shining One.
  1176 | D:2      | Reached skill level 5 in Conjurations
  1300 | D:2      | Noticed Terence
  1306 | D:2      | Slain by Terence

Illustrated notes

Levels and vault maps discovered:
D:1:      lightli_arrival_noodles, layout_loops_ring
D:2:      layout_basic, basic_altar, uniq_crazy_yiuf_cottage, uniq_terence

Skill      XL: |  1  2 |
---------------+-------+-----
Conjurations   | 5 |  5.1
Dodging        | |  2.5
Stealth        | |  2.4
Shields        | |  0.1
Spellcasting   | |  3.0

Action                     || total
---------------------------++-------
  Melee: Dagger            ||     3
   Cast: Magic Dart        ||    24
    Use: Scroll            ||     5
 Armour: Robe              ||     2
  Dodge: Dodged            ||     3
  Block: Kite shield       ||     1

Table legend: (Time is in decaauts)
 A = Elapsed time spent in this place.
 B = Non-inter-level travel time spent in this place.
 C = Inter-level travel time spent in this place.
 D = Time resting spent in this place.
 E = Time spent auto-exploring this place.
 F = Levels seen in this place.
 G = Mean time per level.
                   A        B        C        D        E       F      G
               +--------+--------+--------+--------+--------+-----+--------+
         Total |   1306 |    975 |    331 |      0 |    872 |   2 |  653.0 |
       Dungeon |   1306 |    975 |    331 |      0 |    872 |   2 |  653.0 |
               +--------+--------+--------+--------+--------+-----+--------+

Top non-repeatable levels by time:
     D:1: 1155 daAuts
     D:2: 151 daAuts
